 Dungeon Crawl Stone Soup version 0.22.1 (webtiles) character file.

161 Debik the Digger (level 5, 0/28 HPs)
             Began as a Gargoyle Earth Elementalist on Sept 18, 2018.
             Killed from afar by Sigmund (9 damage)
             ... with a magic dart
             ... on level 2 of the Dungeon.
             The game lasted 00:04:43 (2534 turns).

Debik the Digger (Gargoyle Earth Elementalist)      Turns: 2534, Time: 00:04:43

Health: 0/28       AC:  9    Str: 12    XL:     5   Next: 42%
Magic:  1/9        EV: 12    Int: 16    God:
Gold:   128        SH:  0    Dex: 10    Spells: 6/10 levels left

rFire    . . .     SeeInvis .   a - +1 dagger (vamp)
rCold    . . .     Gourm    .   (no shield)
rNeg     + . .     Faith    .   c - +0 robe
rPois    ∞         Spirit   .   (no helmet)
rElec    +         Reflect  .   k - +2 cloak {rPois}
rCorr    .         Harm     .   (no gloves)
MR       .....                  (no boots)
Stlth    ++........             (no amulet)
HPRegen  0.09/turn              (no ring)
MPRegen  0.11/turn              (no ring)

@: very slightly contaminated
A: negative energy resistance 1, electricity resistance, unbreathing,
petrification resistance, rot immunity, AC +4
a: no special abilities


You were on level 2 of the Dungeon.
You were hungry.

You visited 1 branch of the dungeon, and saw 2 of its levels.

You collected 128 gold pieces.

Inventory:

Hand Weapons
 a - a +1 vampiric dagger (weapon)
Missiles
 b - 118 stones (quivered)
Armour
 c - a +0 robe (worn)
 k - a +2 cloak of poison resistance (worn)
Scrolls
 f - 2 scrolls of remove curse {unknown}
 i - 2 scrolls of teleportation
 j - a scroll of identify
Potions
 d - a potion of ambrosia {unknown}
 e - 2 potions of brilliance {unknown}
 h - a potion of curing {unknown}
Comestibles
 g - 3 rations


   Skills:
 + Level 0.1 Fighting
 + Level 0.7 Short Blades
 + Level 2.0 Dodging
 + Level 3.2 Stealth
 + Level 3.0 Spellcasting
 + Level 0.1 Conjurations
   Level 0.7 Transmutations
 + Level 5.3 Earth Magic


You had 6 spell levels left.
You knew the following spells:

 Your Spells              Type           Power        Failure   Level  Hunger
a - Sandblast             Erth           ###...       1%          1    #......
e - Stone Arrow           Conj/Erth      ##....       19%         3    ###....

Your spell library contained the following spells:

 Spells                   Type           Power        Failure   Level  Hunger
 Passwall                 Tmut/Erth      ##......     9%          2    ##.....
 Petrify                  Tmut/Erth      ##......     47%         4    #####..
 Lee's Rapid Deconstruct  Erth           ###.......   50%         5    ######.


Dungeon Overview and Level Annotations

Branches:
Dungeon (2/15)

Altars:

Annotations:
D:2 Sigmund


Innate Abilities, Weirdness & Mutations

You are resistant to torment.
Your stone body is resilient. (AC +4)
You are immune to poison.
You resist negative energy. (rN+)
You are resistant to electric shocks. (rElec)
You can survive without breathing.
You are immune to petrification.
You are immune to rotting.


Message History

Casting: Sandblast (safe; 1% risk of failure)
Confirm with . or Enter, or press ? or * to list all spells.
Aiming: Sandblast (safe; 1% risk of failure)
Press: ? - help, Shift-Dir - straight line, f/p - Sigmund
Aim: Sigmund, wielding a scythe of protection and wearing a runed robe (lightly The blast of sand hits Sigmund.
Sigmund is lightly wounded.
b - 119 stones
Casting: Sandblast (safe; 1% risk of failure)
Confirm with . or Enter, or press ? or * to list all spells.
Aiming: Sandblast (safe; 1% risk of failure)
Press: ? - help, Shift-Dir - straight line, f/p - Sigmund
Aim: Sigmund, wielding a scythe of protection and wearing a runed robe (lightly The blast of sand hits Sigmund.
Sigmund is lightly wounded.
b - 118 stones Sigmund hits you from afar with a scythe of protection!
Sigmund gestures at you while chanting. The magic dart hits you!
You die...

#................###.#
#...[................#
#......†........######
#######..#..<...# #
####..#......# ###
#..@..##.....# #..
##.#.###.....# #.#
#.#....###### #.#
#@####.# ######.# #.#
#.####.)..#.# #..
#...........# ####
######....### #....#
#....# #....# #....#
########


You could see Sigmund.

Vanquished Creatures
  Crazy Yiuf (D:2)
  Natasha (thrice) (D:2)
  2 adders (D:2)
  A dart slug (D:1)
  A leopard gecko (D:2)
  8 bats
  2 giant cockroaches
  6 goblins (D:1)
  4 hobgoblins (D:1)
  2 jackals (D:1)
  3 kobolds (D:1)
  A ball python (D:1)
  5 frilled lizards
  3 rats
42 creatures vanquished.

Notes
Turn   | Place    | Note
-------+----------+-------------------------------------------
     0 | D:1      | Debik the Gargoyle Earth Elementalist began the quest for
                  | the Orb.
     0 | D:1      | Reached XP level 1. HP: 10/10 MP: 3/3
   237 | D:1      | Reached XP level 2. HP: 10/15 MP: 5/5
   249 | D:1      | Reached skill level 4 in Earth Magic
   700 | D:1      | Reached XP level 3. HP: 19/19 MP: 4/6
   705 | D:1      | Learned a level 3 spell: Stone Arrow
  1167 | D:2      | Noticed Sigmund
  1308 | D:2      | Noticed Natasha
  1310 | D:2      | Killed Natasha
  1310 | D:2      | Reached XP level 4. HP: 24/24 MP: 4/7
  1654 | D:2      | Noticed Natasha
  1675 | D:2      | Killed Natasha
  1675 | D:2      | Reached skill level 5 in Earth Magic
  1936 | D:2      | Noticed Natasha
  1941 | D:2      | Killed Natasha
  1941 | D:2      | Reached XP level 5. HP: 23/28 MP: 4/9
  2076 | D:2      | Found a runed door.
  2352 | D:2      | Noticed Crazy Yiuf
  2355 | D:2      | Killed Crazy Yiuf
  2534 | D:2      | Killed from afar by Sigmund

Skill      XL: |  1  2  3  4  5 |
---------------+----------------+-----
Earth Magic    | 4 5 |  5.3
Stealth        | 3 |  3.2
Dodging        | 2 |  2.0
Spellcasting   | 3 |  3.0
Fighting       | |  0.1
Short Blades   | |  0.7
Conjurations   | |  0.1
Transmutations | |  0.7

Action                   |  1- 3 |  4- 6 || total
-------------------------+-------+-------++-------
Melee: Dagger            |    39 |     1 ||    40
 Cast: Sandblast         |    18 |    30 ||    48
       Stone Arrow       |     1 |       ||     1
  Use: Scroll            |     2 |       ||     2
 Stab: Sleeping          |     7 |     1 ||     8
  Eat: Ration            |     1 |       ||     1
       Chunk             |     2 |     4 ||     6
Armor: Robe              |    17 |    12 ||    29
Dodge: Dodged            |    24 |    33 ||    57
